Map: Sequencer LE

Players

Serral - Winner!

  • Race: Zerg Zerg
  • Spawn Location: 1:00

Zanster

  • Race: Zerg Zerg
  • Spawn Location: 7:00

Event: WCS Valencia 2017

VOD

Have the link to the VOD?

Description

Time

  • Played on: July 13, 2017, 2:01 p.m.
  • Length: 12:02

All games in this series

Show
View Real Time Build Order
Export as new Build Order

Serral Zerg - Winner!

Build Orders: Hatch First 

Get SALT Encoding   

  12  0:00  Drone  
  13  0:13  Overlord  
  13  0:17  Drone  
  14  0:31  Drone  
  14  0:32  Drone  
  14  0:35  Drone  
  17  0:52  Hatchery  
  17  0:55  Drone  
  17  1:09  Spawning Pool  
  16  1:12  Drone  
  16  1:15  Drone  
  18  1:35  Hatchery  
  18  1:37  Drone  
  18  1:40  Drone  
  18  1:43  Drone  
  20  1:55  Queen  
  22  2:03  Queen  
  22  2:08  Zergling x2  
  25  2:10  Spine Crawler  
  25  2:15  Drone  
  25  2:19  Overlord  
  25  2:22  Drone  
  26  2:25  Drone  
  26  2:27  Drone  
  28  2:37  Queen  
  29  2:39  Drone x2  
  29  2:40  Drone  
  29  2:44  Drone  
  35  2:48  Queen  
  37  2:52  Drone  
  37  2:53  Drone  
  37  2:55  Drone  
  40  2:58  Extractor  
  40  2:59  Extractor  
  40  3:00  Drone  
  38  3:07  Drone x3  
  38  3:12  Evolution Chamber, Drone  
  41  3:16  Overlord  
  41  3:17  Drone  
  42  3:22  Overlord  
  42  3:28  Overlord  
  42  3:35  Drone x5  
  42  3:40  Drone x3  
  50  3:46  Zerg Missile Weapons Level 1  
  50  3:48  Drone x2  
  54  3:55  Drone x3  
  54  4:01  Lair  
  55  4:04  Roach Warren  
  55  4:07  Drone  
  55  4:11  Drone x2  
  55  4:13  Drone x2  
  55  4:14  Drone  
  55  4:15  Drone  
  61  4:18  Extractor  
  61  4:19  Pneumatized Carapace  
  61  4:22  Drone x2  
  61  4:23  Drone  
  63  4:30  Drone x3  
  66  4:33  Overlord  
  66  4:35  Overlord  
  66  4:38  Extractor, Overlord  
  66  4:39  Extractor, Drone  
  66  4:40  Drone  
  67  4:52  Drone  
  67  4:53  Hatchery, Drone  
  67  4:56  Overlord  
  67  5:01  Overseer  
  67  5:02  Glial Reconstitution  
  67  5:03  Roach x4  
  67  5:04  Roach  
  77  5:08  Drone  
  77  5:09  Overlord x2  
  78  5:15  Roach x3  
  84  5:21  Overlord  
  84  5:27  Overlord  
  84  5:30  Roach  
  84  5:31  Roach x5  
  96  5:39  Roach x2  
  96  5:40  Roach x3  
  106  5:48  Evolution Chamber, Roach x3  
  106  5:49  Roach  
  113  5:50  Roach  
  113  5:54  Evolution Chamber  
  115  5:57  Roach x3  
  115  6:00  Overlord  
  115  6:01  Overlord  
  121  6:05  Zerg Missile Weapons Level 2  
  121  6:11  Drone  
  121  6:13  Infestation Pit  
  121  6:15  Roach x3  
  128  6:29  Ravager  
  128  6:30  Drone x2  
  128  6:31  Drone x2  
  133  6:34  Drone x2  
  133  6:35  Drone x2  
  133  6:37  Roach x3  
  143  6:41  Ravager  
  143  6:42  Overlord x4  
  144  6:52  Hydralisk Den  
  144  6:53  Extractor, Queen, Overlord  
  144  6:54  Extractor  
  144  6:57  Drone  
  144  7:01  Overlord  
  144  7:02  Drone x6  
  144  7:03  Drone x4  
  144  7:06  Spore Crawler  
  153  7:12  Roach  
  153  7:13  Roach x2  
  159  7:15  Spore Crawler  
  159  7:20  Spore Crawler  
  159  7:21  Roach x5  
  167  7:27  Ravager  
  167  7:28  Ravager x2  
  166  7:31  Roach x5  
  166  7:32  Ravager  
  166  7:35  Roach x2  
  161  7:44  Spore Crawler  
  161  7:45  Spore Crawler  
  161  7:46  Infestor x2  
  163  7:53  Drone x3  
  166  7:59  Spore Crawler  
  166  8:00  Burrow  
  166  8:01  Overlord x2  
  165  8:11  Hydralisk x5  
  165  8:12  Hydralisk  
  179  8:19  Muscular Augments, Overlord  
  177  8:20  Spine Crawler  
  177  8:22  Spine Crawler  
  177  8:23  Hydralisk x3  
  181  8:36  Hydralisk x5  
  191  8:43  Spine Crawler  
  191  8:44  Drone x2  
  191  8:46  Spore Crawler  
  191  8:47  Spore Crawler, Overlord x2  
  188  8:56  Queen  
  188  8:58  Hydralisk x2  
  192  9:12  Zerg Ground Armor Level 1  
  192  9:14  Spine Crawler  
  192  9:15  Drone  
  192  9:16  Drone  
  197  9:17  Overseer, Roach x3  
  197  9:18  Overseer x2, Spine Crawler  
  198  9:25  Infestor x2  
  198  9:39  Roach  
  198  9:42  Roach  
  198  9:44  Roach x2  
  197  9:47  Roach  
  197  9:48  Roach x2  
  197  9:50  Roach x3  
  197  9:53  Drone x3  
  198  10:04  Drone  
  199  10:19  Roach x2  
  199  10:23  Drone  
  200  10:33  Hydralisk x2  
  200  10:34  Hydralisk, Roach  
  200  10:35  Roach x4  
  195  10:46  Hydralisk, Roach  
  195  10:47  Hydralisk x4, Roach x5  
  168  10:51  Queen  
  168  10:53  Roach x6  
  168  10:54  Roach x4  
  171  11:07  Hydralisk x4  
  171  11:08  Roach  
  171  11:09  Roach x6  
  175  11:18  Hydralisk x2  
  175  11:19  Hydralisk x2  
  169  11:43  Roach x5  
Show
View Real Time Build Order
Export as new Build Order

Zanster Zerg 

Build Orders: Hatch First 

Get SALT Encoding   

  12  0:00  Drone  
  13  0:13  Overlord  
  13  0:17  Drone  
  14  0:31  Drone x2  
  14  0:35  Drone  
  17  0:53  Hatchery  
  17  0:55  Drone  
  17  0:58  Drone  
  18  1:12  Spawning Pool  
  18  1:15  Drone  
  18  1:18  Drone  
  19  1:29  Drone  
  20  1:40  Hatchery  
  20  1:43  Drone  
  20  1:58  Queen  
  22  2:04  Zergling x4  
  22  2:07  Queen  
  26  2:12  Overlord  
  26  2:18  Drone  
  26  2:19  Drone  
  28  2:37  Drone x4  
  28  2:38  Queen  
  34  2:45  Queen  
  36  2:51  Overlord  
  36  2:52  Extractor x2  
  36  2:56  Drone x2  
  36  2:58  Drone  
  37  3:00  Drone  
  37  3:04  Drone  
  39  3:06  Drone  
  40  3:13  Drone x3  
  40  3:17  Overlord  
  40  3:19  Drone  
  44  3:20  Drone  
  44  3:22  Drone  
  44  3:23  Drone  
  44  3:25  Drone  
  48  3:28  Drone  
  48  3:30  Drone  
  48  3:33  Overlord  
  50  3:37  Drone  
  50  3:40  Drone  
  52  3:44  Overlord  
  51  3:50  Drone x2  
  51  3:51  Drone  
  51  3:52  Evolution Chamber x2  
  51  3:54  Drone  
  51  3:55  Drone  
  53  3:56  Drone  
  53  3:57  Drone  
  53  3:59  Drone  
  53  4:01  Drone  
  57  4:03  Drone  
  57  4:04  Drone  
  57  4:06  Drone x2  
  57  4:09  Drone  
  62  4:12  Overlord  
  62  4:14  Extractor, Drone  
  62  4:15  Extractor  
  62  4:16  Drone  
  62  4:18  Drone x2  
  62  4:21  Drone x2  
  62  4:24  Zerg Melee Weapons Level 1  
  66  4:28  Zerg Ground Armor Level 1  
  66  4:29  Drone  
  66  4:30  Drone  
  68  4:33  Overlord  
  68  4:35  Zergling x2  
  68  4:37  Drone  
  70  4:42  Metabolic Boost  
  70  4:43  Drone  
  72  4:45  Drone  
  72  4:46  Extractor, Drone x3  
  72  4:47  Overlord  
  74  4:53  Lair  
  74  4:54  Drone  
  74  4:59  Zergling x14  
  82  5:00  Zergling x2  
  82  5:04  Zergling x8  
  87  5:08  Overlord  
  87  5:10  Zergling x2  
  88  5:15  Hatchery  
  88  5:16  Zergling x2  
  88  5:21  Overlord  
  88  5:23  Zergling x2  
  88  5:27  Zergling x2  
  88  5:28  Zergling x14  
  96  5:29  Zergling x2  
  96  5:33  Zergling x6  
  100  5:40  Overlord  
  100  5:43  Zergling x2  
  100  5:44  Zergling x2  
  102  5:51  Overlord  
  102  5:56  Infestation Pit  
  101  5:59  Spire  
  100  6:07  Zergling x2  
  100  6:08  Zergling x20  
  111  6:14  Overseer  
  111  6:18  Zergling x6  
  114  6:21  Zerg Melee Weapons Level 2  
  113  6:27  Zerg Ground Armor Level 2, Zergling x6  
  113  6:29  Hatchery  
  103  6:37  Hive  
  103  6:39  Zergling x22  
  110  6:44  Zergling x2  
  110  6:45  Zergling x4  
  113  6:54  Overlord  
  114  7:01  Drone x4  
  114  7:03  Drone x3  
  120  7:08  Drone  
  120  7:09  Drone x6  
  120  7:11  Overlord  
  126  7:20  Mutalisk x5  
  135  7:28  Mutalisk x5  
  134  7:33  Mutalisk x2  
  111  7:44  Mutalisk x2  
  111  7:50  Extractor  
  111  7:51  Zergling x22  
  119  7:52  Extractor  
  119  7:54  Zergling x4  
  126  8:02  Ultralisk Cavern  
  125  8:07  Zergling x4  
  125  8:08  Zergling x12  
  133  8:15  Overlord  
  133  8:19  Baneling Nest  
  132  8:20  Zerg Flyer Weapons Level 1  
  132  8:21  Zergling x20  
  132  8:22  Zergling x2  
  143  8:29  Overlord  
  143  8:35  Zergling x4  
  143  8:38  Drone  
  143  8:39  Drone x2  
  148  8:45  Pneumatized Carapace  
  148  8:48  Overlord  
  148  9:01  Overlord x2  
  148  9:04  Hatchery  
  148  9:06  Overlord  
  148  9:08  Chitinous Plating  
  146  9:13  Ultralisk x4  
  168  9:19  Extractor  
  167  9:26  Ultralisk  
  173  9:31  Zergling x2  
  173  9:32  Zergling x26  
  173  9:38  Baneling x11  
  185  9:39  Overseer  
  185  9:41  Overseer  
  185  9:44  Zergling x6  
  184  9:50  Zergling x2  
  184  9:51  Zergling x8  
  185  9:53  Baneling  
  185  9:54  Baneling x7  
  178  10:09  Ultralisk, Zergling x8  
  178  10:10  Zergling x10  
  190  10:18  Ultralisk  
  190  10:19  Zergling x8  
  174  10:31  Ultralisk, Zergling x12  
  173  10:35  Zergling x4  
  173  10:36  Zergling x4  
  167  10:46  Ultralisk, Zergling x10  
  145  10:53  Ultralisk, Zergling x2  
  133  11:00  Zergling x14  
  123  11:06  Zergling x10  
  115  11:14  Ultralisk, Zergling x2  
  119  11:21  Ultralisk  
  107  11:40  Zergling x2  
  107  11:41  Zergling x14  
  107  11:42  Overseer  
Tags
 
Add a new tag
Caveats
  • Supply blocks, unpowered buildings, or Contaminate may cause inaccurate times.
  • Supply counts are checked every 10 seconds.